 Dungeon Crawl Stone Soup version 0.24.0-13-gcf9b3192b9 (webtiles) character file.

Game seed: 12008439948524846885, levelgen mode: classic

49 EnegeticOcto the Digger (level 3, -4/18 HPs)
             Began as a Vine Stalker Earth Elementalist on Nov 9, 2019.
             Slain by Eustachio
             ... wielding a +0 rapier
              (9 damage)
             ... on level 4 of the Dungeon.
             The game lasted 00:03:12 (566 turns).

EnegeticOcto the Digger (VSEE)                       Turns: 566, Time: 00:03:13

Health: -4/18      AC:  3    Str: 10    XL:     3   Next: 75%
Magic:  0/7        EV: 17    Int: 16    God:
Gold:   98         SH:  0    Dex: 19    Spells: 0/6 levels left

rFire    . . .     SeeInvis .     - Unarmed
rCold    . . .     Gourm    .   (no shield)
rNeg     . . .     Faith    .   c - +0 robe
rPois    .         Spirit   +   a - +0 helmet
rElec    .         Reflect  .   (no cloak)
rCorr    .         Harm     .   (no gloves)
MR       .....                  (no boots)
Stlth    +++.......             (no amulet)
HPRegen  0.06/turn              (no ring)
MPRegen  0.10/turn              (no ring)

@: agile
A: fangs 2, magic shield, antimagic bite, no potion heal 3, rot immunity
a: no special abilities


You were on level 4 of the Dungeon.
You were not hungry.

You visited 1 branch of the dungeon, and saw 4 of its levels.

You collected 98 gold pieces.

Inventory:

Hand Weapons
 d - a +0 dagger
Missiles
 b - 14 stones (quivered)
 j - 12 poisoned darts
 p - 26 arrows
Armour
 a - a +0 helmet (worn)
 c - a +0 robe (worn)
Scrolls
 g - a scroll of teleportation {unknown}
 i - a scroll of noise {unknown}
 l - a scroll of enchant armour {unknown}
 m - a scroll of identify {unknown}
 o - a scroll of amnesia {unknown}
Potions
 f - a potion of might {unknown}
 k - a potion of brilliance {unknown}
 n - a potion of ambrosia {unknown}
Comestibles
 e - 2 rations


   Skills:
 + Level 1.9 Fighting
 - Level 1.5 Dodging
 - Level 2.4 Stealth
 + Level 2.1 Unarmed Combat
 - Level 2.1 Spellcasting
 - Level 1.0 Transmutations
 - Level 3.0 Earth Magic


You couldn't memorise any spells.
You knew the following spells:

 Your Spells              Type           Power        Failure   Level  Hunger
a - Sandblast             Erth           ##....       6%          1    #......
b - Stone Arrow           Conj/Erth      #.....       32%         3    ###....
p - Passwall              Tmut/Erth      #.......     14%         2    ###....

Your spell library contained the following spells:

 Spells                   Type           Power        Failure   Level  Hunger
 Petrify                  Tmut/Erth      #.......     65%         4    #####..
 Lee's Rapid Deconstruct  Erth           ##........   86%         5    ######.


Dungeon Overview and Level Annotations

Branches:
Dungeon (4/15)
 Temple: D:4-7

Altars:
Ashenzari

Annotations:
D:4 Eustachio


Innate Abilities, Weirdness & Mutations

You have extremely sharp teeth.
When hurt, damage is shared between your health and your magic reserves.
Your bite disrupts and absorbs the magic of your enemies.
Potions cannot restore your health.
You are immune to rotting.


Message History

You bite the leopard gecko. You drain its power.
The leopard gecko is severely wounded.
The leopard gecko bites you.
You barely miss the leopard gecko.
The leopard gecko is severely wounded.
The leopard gecko barely misses you.
You hit the leopard gecko but do no damage.
The leopard gecko is severely wounded.
The leopard gecko bites you.
You hit the leopard gecko.
You kill the leopard gecko!
There is a shattered altar of Ashenzari here.
You now have 98 gold pieces (gained 5).
A jackal comes into view.
The jackal barks!
You hear a shout!
Eustachio the Magnificent comes into view.
He is wielding a +0 rapier.
Eustachio gestures wildly while chanting.
Casting: Sandblast (safe; 6% risk of failure)
Confirm with . or Enter, or press ? or * to list all spells.
Aiming: Sandblast (safe; 6% risk of failure)
Press: ? - help, Shift-Dir - straight line, f - Eustachio
Aim: Eustachio, wielding a +0 rapier and wearing a +0 leather armour The blast of sand hits Eustachio.
Eustachio is lightly wounded.
b - 19 stones
Casting: Sandblast (safe; 6% risk of failure)
Confirm with . or Enter, or press ? or * to list all spells.
Aiming: Sandblast (safe; 6% risk of failure)
Press: ? - help, Shift-Dir - straight line, f/p - Eustachio
Aim: Eustachio, wielding a +0 rapier and wearing a +0 leather armour (lightly wounded)
The blast of sand hits Eustachio.
Eustachio is moderately wounded.
b - 18 stones Eustachio closely misses you.
Casting: Sandblast (safe; 6% risk of failure)
Confirm with . or Enter, or press ? or * to list all spells.
Aiming: Sandblast (safe; 6% risk of failure)
Press: ? - help, Shift-Dir - straight line, f/p - Eustachio
Aim: Eustachio, wielding a +0 rapier and wearing a +0 leather armour (moderately wounded)
The blast of sand hits Eustachio.
Eustachio is moderately wounded.
b - 17 stones Eustachio hits you with a +0 rapier!
Casting: Sandblast (safe; 6% risk of failure)
Confirm with . or Enter, or press ? or * to list all spells.
Aiming: Sandblast (safe; 6% risk of failure)
Press: ? - help, Shift-Dir - straight line, f/p - Eustachio
Aim: Eustachio, wielding a +0 rapier and wearing a +0 leather armour (moderately wounded)
The blast of sand hits Eustachio!
Eustachio is heavily wounded.
b - 16 stones Eustachio utters an oath, "I will die for my friends!"
Eustachio mumbles some strange words.
Eustachio blinks!
You hit the jackal.
You kill the jackal!
You hit the quokka.
The quokka is severely wounded.
A jackal comes into view.
The quokka misses you.
The quokka bites you but does no damage.
You closely miss the quokka.
The quokka is heavily wounded.
The quokka barely misses you.
You hit the quokka.
You kill the quokka!
The quokka's corpse disappears in a puff of smoke!
You hit the jackal but do no damage. The jackal completely misses you.
You hit the jackal. You bite the jackal.
You kill the jackal!
Casting: Sandblast (safe; 6% risk of failure)
Confirm with . or Enter, or press ? or * to list all spells.
Aiming: Sandblast (safe; 6% risk of failure)
Press: ? - help, Shift-Dir - straight line, f/p - Eustachio
Aim: Eustachio, wielding a +0 rapier and wearing a +0 leather armour (heavily wounded)
The blast of sand misses Eustachio.
b - 15 stones Eustachio closely misses you.
Casting: Sandblast (safe; 6% risk of failure)
Confirm with . or Enter, or press ? or * to list all spells.
Aiming: Sandblast (safe; 6% risk of failure)
Press: ? - help, Shift-Dir - straight line, f/p - Eustachio
Aim: Eustachio, wielding a +0 rapier and wearing a +0 leather armour (heavily wounded)
The blast of sand misses Eustachio.
b - 14 stones Eustachio hits you with a +0 rapier.
You barely miss Eustachio.
Eustachio is heavily wounded.
Eustachio gestures wildly while chanting.
It was a potion of agility.
You feel agile all of a sudden.
Eustachio casts a spell.
The quokka barely misses you. The river rat closely misses you.
You hit Eustachio but do no damage. You bite Eustachio, but do no damage.
Eustachio is heavily wounded.
The quokka bites you.
* * * LOW HITPOINT WARNING * * *
Eustachio hits you with a +0 rapier!
Ouch! That really hurt!
You die...

#...###...## ##
##...###..##
..#..###..#
#.#...#...#
#.##..#...#
#.##.._..## #
#.##..#..##
#.##b##r##..#...#
#...r@@r...###.##
#########..###..#
#..###.##
##.....# #######


You could see Eustachio, 2 river rats, a quokka and a bat.

Vanquished Creatures
  2 adders (D:2)
  A worm (D:3)
  A dart slug (D:4)
  2 leopard geckos
  2 giant cockroaches
  A goblin (D:1)
  4 hobgoblins
  2 jackals (D:4)
  4 bats (D:1)
  A frilled lizard (D:1)
  3 kobolds
  2 rats
25 creatures vanquished.

Notes
Turn   | Place    | Note
-------+----------+-------------------------------------------
     0 | D:1      | EnegeticOcto the Vine Stalker Earth Elementalist began the
                  | quest for the Orb.
     0 | D:1      | Reached XP level 1. HP: 9/9 MP: 4/4
   167 | D:1      | Reached skill level 1 in Unarmed Combat
   167 | D:1      | Reached XP level 2. HP: 14/14 MP: 1/6
   189 | D:1      | Reached skill level 1 in Fighting
   356 | D:2      | Reached XP level 3. HP: 13/18 MP: 2/7
   446 | D:3      | Learned a level 2 spell: Passwall
   450 | D:3      | Learned a level 3 spell: Stone Arrow
   533 | D:4      | Found a shattered altar of Ashenzari.
   550 | D:4      | Noticed Eustachio
   566 | D:4      | Slain by Eustachio

Levels and vault maps discovered:
D:1:      lordsloth_arrival_two_stooges, layout_basic
D:2:      layout_loops_ring, tso_altar
D:3:      layout_rooms, gammafunk_temple_overflow_wave
D:4:      minmay_wonky_spiral, layout_loops_cross, kennysheep_mini,
          marbit_many_paths, general_overflow_altar, serial_rivers,
          chequers_serial_rivers_room_b, chequers_serial_rivers_small_b,
          chequers_serial_rivers_micro_a, chequers_serial_rivers_marsh,
          first_ration, cheibrodos_ashenzari_chains, uniq_eustachio

Skill      XL: |  1  2  3 |
---------------+----------+-----
Unarmed Combat | 1 2 |  2.1
Fighting       | 1 |  1.9
Dodging        | |  1.5
Stealth        | |  2.4
Spellcasting   | |  2.1
Transmutations | |  1.0
Earth Magic    | |  3.0

Action                   || total
-------------------------++-------
Melee: Dagger            ||    37
       Bite              ||    10
       Unarmed           ||    21
 Cast: Sandblast         ||    33
  Use: Potion            ||     1
 Stab: Sleeping          ||     1
Armor: Robe              ||    20
Dodge: Dodged            ||    51
